 Dungeon Crawl Stone Soup version 0.13.2 (webtiles) character file.

197 ProjectEKO the Skirmisher (level 4, -5/48 HPs)
             Began as an Ogre Berserker on Apr 8, 2014.
             Was a Believer of Trog.
             Slain by a gnoll
             ... wielding a +0,+0 spear
              (8 damage)
             ... on Level 2 of the Dungeon.
             The game lasted 00:02:51 (1000 turns).

ProjectEKO the Skirmisher (Ogre Berserker)          Turns: 1000, Time: 00:02:51

HP  -5/48        AC  3     Str 22      XL: 4   Next: 28%
MP   3/3         EV 10     Int  7      God: Trog [**....]
Gold 123         SH  0     Dex  9      Spells:  0 memorised,  3 levels left

Res.Fire  : . . .   See Invis. : .   m - -2,-3 flail (curse)
Res.Cold  : . . .   Warding    : .   b - +0 animal skin
Life Prot.: . . .   Conserve   : .   (shield restricted)
Res.Poison: .       Res.Corr.  : .   (helmet restricted)
Res.Elec. : .       Clarity    : .   (no cloak)
Sust.Abil.: . .     Spirit.Shd : .   (gloves unavailable)
Res.Mut.  : .       Stasis     : .   (boots unavailable)
Res.Rott. : .       Flight     : .   (no amulet)
Saprovore : + . .                    (no ring)
                                     (no ring)

@: slightly resistant to hostile enchantments, very unstealthy
A: unfitting armour, fast metabolism 1, saprovore 1, tough skin 1
a: Burn Spellbooks, Berserk, Trog's Hand, Renounce Religion


You were on level 2 of the Dungeon.
You worshipped Trog.
Trog was pleased with you.
You were very hungry.

You visited 1 branch of the dungeon, and saw 2 of its levels.

You collected 103 gold pieces.


Innate Abilities, Weirdness & Mutations

You are too large for most types of armour.
You have a fast metabolism.
You can tolerate rotten meat.
You have tough skin (AC +1).


   Skills:
 + Level 5.1 Fighting
 + Level 4.9 Maces & Flails
 + Level 3.5 Dodging


You had 3 spell levels left.
You didn't know any spells.

Inventory:

Hand weapons
 a - a +0,+0 mace
 m - a cursed -2,-3 flail (weapon)
Armour
 b - a +0 animal skin (worn)
Comestibles
 c - 3 meat rations
 h - a chunk of adder flesh {@*1}
 i - a pear
Scrolls
 d - a scroll of identify
Jewellery
 e - an uncursed ring of see invisible {unknown}
 l - an uncursed ring of ice {unknown}
 n - an uncursed ring of protection from fire
Potions
 j - a potion of brilliance

Dungeon Overview and Level Annotations

Branches:
Dungeon (2/27)

Altars:

▒▒▒'▒▒▒▒ ▒········▒
▒··▒ ▒········▒ ▒▒·▒▒
▒▒▒▒▒'▒▒▒▒ ▒··▒ ▒·g▒▒▒
▒▒▒'▒▒▒ ▒▒···▒ ▒·····▒
▒▒▒▒▒▒▒'▒▒ ▒·····▒
▒▒▒▒▒········▒
▒·····▒▒▒▒·g·'········▒
▒·····'···O▒▒▒········▒
▒·····▒▒▒▒▒▒ ▒········+
▒·····▒ ▒······(·▒
▒·····▒ ▒········▒
▒··[··▒ ▒▒▒▒▒▒▒▒▒▒
▒·····▒ ▒▒▒▒▒▒


You could see a gnoll.


Message History

* * * LOW HITPOINT WARNING * * *
Drink which item? (? for menu, Esc to quit)
You feel better.
Read which item? (? for menu, Esc to quit)
Okay, then.
Use which ability? (? or * to list) You're too hungry to go berserk.
You barely miss the gnoll.
The gnoll is lightly wounded.
The gnoll hits you with a spear.
* * * LOW HITPOINT WARNING * * *
The gnoll hits you but does no damage.
You barely miss the gnoll.
The gnoll is lightly wounded.
The gnoll hits you with a spear!
* * * LOW HITPOINT WARNING * * *
You hit the gnoll.
The gnoll is heavily wounded.
The gnoll barely misses you.
You closely miss the gnoll.
The gnoll is heavily wounded.
The gnoll closely misses you.
You closely miss the gnoll.
The gnoll is heavily wounded.
The gnoll hits you with a spear.
* * * LOW HITPOINT WARNING * * *
You closely miss the gnoll.
The gnoll is heavily wounded.
The gnoll hits you with a spear!
You die...

Action                   |  1- 3 |  4- 6 || total
-------------------------+-------+-------++-------
Melee: Mace              |   117 |     2 ||   119
       Flail             |       |     8 ||     8
Invok: Berserk           |     1 |       ||     1
  Use: Scroll            |     6 |     2 ||     8
       Potion            |     3 |     1 ||     4

Vault maps used:
D:1:      minmay_entry_three_doors
D:2:      nicolae_overflow_hidden_temple, uniq_iyjb

Notes
Turn   | Place    | Note
--------------------------------------------------------------
     0 | D:1      | ProjectEKO, the Ogre Berserker, began the quest for the Orb.
     0 | D:1      | Reached XP level 1. HP: 23/23 MP: 0/0
    26 | D:1      | Reached skill level 3 in Dodging
   228 | D:1      | Reached XP level 2. HP: 32/32 MP: 1/1
   723 | D:2      | Reached XP level 3. HP: 37/39 MP: 2/2
   808 | D:2      | Acquired Trog's second power
   955 | D:2      | Reached skill level 5 in Fighting
   955 | D:2      | Reached XP level 4. HP: 48/48 MP: 3/3
   993 | D:2      | HP: 4/48 [gnoll/spear (9)]
   999 | D:2      | HP: 3/48 [gnoll/spear (2)]
  1000 | D:2      | Slain by a gnoll

Vanquished Creatures
  An adder (D:2)
  3 gnolls (D:2)
  2 oozes (D:1)
  10 bats
  A giant cockroach (D:2)
  A hobgoblin (D:2)
  A quokka (D:2)
  A giant gecko (D:1)
  A giant newt (D:1)
  6 goblins
  3 kobolds (D:1)
  7 rats
37 creatures vanquished.
